 Dungeon Crawl Stone Soup version 0.30-a0-459-g9104f0fc43 (webtiles) character file.

Game seed: 11377575846982001310

74 Strat the Covered (level 4, -10/40 HPs)
             Began as a Meteoran Fighter on Dec 15, 2022.
             Killed by divine providence
             ... invoked by an orc priest
              (15 damage)
             ... on level 2 of the Dungeon.
             The game lasted 00:02:10 (509 turns).

Strat the Covered (Meteoran Fighter)                 Turns: 509, Time: 00:02:10

Health: -10/40     AC:  8    Str: 19    XL:     4   Next: 82%
Magic:  5/5        EV:  9    Int: 10    God:
Gold:   83         SH:  5    Dex: 13    Spells: 3/3 levels left

rFire   . . .      SeeInvis .    a - +0 war axe
rCold   . . .      Faith    .    c - +0 buckler
rNeg    . . .      Spirit   .    b - +0 scale mail
rPois   .          Reflect  .    (no helmet)
rElec   .          Harm     .    (no cloak)
rCorr   .          Rampage  .    (no gloves)
Will    .....                    f - +0 pair of boots
Stlth   ..........               (no amulet)
HPRegen 0.26/turn                (no ring)
MPRegen 0.09/turn                (no ring)

@: mighty, glowing
A: sense surroundings 1, otherworldly, glowing, explore regen
a: no special abilities


You were on level 2 of the Dungeon.
You visited 1 branch of the dungeon, and saw 2 of its levels.

You collected 83 gold pieces.

Inventory:

Hand Weapons
 a - a +0 war axe (weapon)
Missiles
 h - 5 boomerangs (quivered)
 m - 6 poisoned darts
Armour
 b - a +0 scale mail (worn)
 c - a +0 buckler (worn)
 f - a +0 pair of boots (worn)
Scrolls
 e - a scroll of immolation {unknown}
 g - a scroll of identify {unknown}
 k - a scroll of poison {unknown}
 l - a scroll of teleportation {unknown}
 o - 2 scrolls of fear {unknown}
Potions
 i - a potion of mutation {unknown}
 j - a potion of ambrosia {unknown}
 n - a potion of resistance {unknown}


   Skills:
 + Level 3.9 Fighting
 * Level 4.1 Axes
 + Level 4.3 Armour
 - Level 3.6 Shields


You had 3 spell levels left.
You didn't know any spells.
Your spell library contained the following spells:

 Spells                   Type           Power      Damage    Failure   Level
 Apportation              Tloc           0%         N/A       82%         1
 Ensorcelled Hibernation  Hex/Ice        0%         N/A       91%         2
 Spider Form              Tmut/Pois      0%         N/A       99%         3
 Anguish                  Hex/Necr       0%         N/A       100%        4
 Alistair's Intoxication  Tmut/Pois      0%         N/A       100%        5


Dungeon Overview and Level Annotations

Branches:
Dungeon (2/15) Zot: 667

Altars:


Innate Abilities, Weirdness & Mutations

You passively map a small area around you.
You are easily found by Zot.
You glow in the dark.
You regain HP and MP as you explore.


Message History

You hit Terence. Terence hits you with a +0 hand axe.
You block the orc's attack.
You hit the orc.
You kill the orc!
You hit Terence. Terence hits you but does no damage.
You closely miss the orc priest. You hit Terence but do no damage.
Terence barely misses you.
The orc priest hits you but does no damage.
You block the orc priest's attack. Terence barely misses you.
You barely miss the orc priest. You hit Terence but do no damage.
The orc priest hits you with a +1 mace of protection!
* * * LOW HITPOINT WARNING * * *
Terence closely misses you.
You hit the orc priest but do no damage.
You barely miss Terence. Terence hits you but does no damage.
The orc priest misses you.
The orc priest calls down the wrath of Beogh upon you.
Beogh smites you!
* * * LOW HITPOINT WARNING * * *
You block Terence's attack.
You feel very mighty all of a sudden. Terence hits you with a +0 hand axe.
* * * LOW HITPOINT WARNING * * *
The orc priest barely misses you.
You barely miss the orc priest. You slash Terence!
You kill Terence!
The orc priest hits you with a +1 mace of protection.
* * * LOW HITPOINT WARNING * * *
Your Axes skill increases to level 4!
You closely miss the orc priest.
The orc priest hits you with a +1 mace of protection.
* * * LOW HITPOINT WARNING * * *
You hit the orc priest.
The orc priest is lightly wounded.
You block the orc priest's attack.
You closely miss the orc priest.
The orc priest is lightly wounded.
The orc priest mumbles some strange prayers to Beogh against you.
Beogh smites you!
You die...

#. ########.# *
#.#+#........ , ,.
#.........# ..,
#.........++ ,, *
... ###.....†...# ,
, , ....
,+...........+ ,
.^... ####........#
,
......####........#
,,
#.....)@o......<.#
* * *
#....#######'######
#.? * .# # * * # ,
* , + ,, #.# , #.#
* #.# , , #.#


You could see an orc priest.

Vanquished Creatures
  An orc priest (D:2)
  Terence (D:2)
  An orc (D:2)
  A ball python (D:1)
  A bat (D:2)
  2 giant cockroaches (D:1)
  2 goblins (D:1)
  2 hobgoblins (D:1)
  3 kobolds (D:1)
  A quokka (D:1)
  2 rats (D:1)
17 creatures vanquished.

Notes
Turn   | Place    | Note
-------+----------+-------------------------------------------
     0 | D:1      | Strat the Meteoran Fighter began the quest for the Orb.
     0 | D:1      | Reached XP level 1. HP: 19/19 MP: 2/2
    82 | D:1      | Reached XP level 2. HP: 25/26 MP: 3/3
   452 | D:2      | Reached XP level 3. HP: 15/33 MP: 4/4
   452 | D:2      | Reached XP level 4. HP: 19/40 MP: 5/5
   491 | D:2      | Noticed Terence
   506 | D:2      | Killed Terence
   509 | D:2      | Killed from afar by an orc priest

Illustrated notes

Levels and vault maps discovered:
D:1:      roderic_crossed_star, layout_rooms
D:2:      wad_pebble_path, layout_basic, uniq_terence

Skill      XL: |  1  2  3  4 |
---------------+-------------+-----
Axes           | 3 4 |  4.1
Armour         | 4 |  4.3
Fighting       | |  3.9
Shields        | |  3.6

Action                   |  1- 3 |  4- 6 || total
-------------------------+-------+-------++-------
Melee: War axe           |    45 |    17 ||    62
  Use: Potion            |       |     1 ||     1
Armor: Scale mail        |    31 |    12 ||    43
Dodge: Dodged            |    12 |    11 ||    23
Block: Buckler           |    12 |    11 ||    23

Table legend: (Time is in decaauts)
 A = Elapsed time spent in this place.
 B = Non-inter-level travel time spent in this place.
 C = Inter-level travel time spent in this place.
 D = Time resting spent in this place.
 E = Time spent auto-exploring this place.
 F = Levels seen in this place.
 G = Mean time per level.
                   A        B        C        D        E       F      G
               +--------+--------+--------+--------+--------+-----+--------+
         Total |    531 |    503 |     28 |      0 |      0 |   2 |  265.5 |
       Dungeon |    531 |    503 |     28 |      0 |      0 |   2 |  265.5 |
               +--------+--------+--------+--------+--------+-----+--------+

Top non-repeatable levels by time:
     D:1: 450 daAuts
     D:2: 81 daAuts
